 Dungeon Crawl Stone Soup version 0.28.0 (webtiles) character file.

Game seed: 5237107018658265510

50 zeram the Ducker (level 3, 0/19 HPs)
             Began as a Spriggan Monk on Feb 5, 2022.
             Slain by an orc (4 damage)
             ... on level 3 of the Dungeon.
             The game lasted 00:02:56 (2779 turns).

zeram the Ducker (Spriggan Monk)                    Turns: 2779, Time: 00:02:57

Health: 0/19       AC:  2    Str:  7    XL:     3   Next: 55%
Magic:  4/4        EV: 19    Int: 13    God:
Gold:   71         SH:  0    Dex: 17    Spells: 2/2 levels left

rFire   + . .      SeeInvis +   a - +0 short sword
rCold   + . .      Faith    .   (no shield)
rNeg    . . .      Spirit   .   b - +0 robe
rPois   .          Reflect  .   (helmet restricted)
rElec   .          Harm     .   i - scarf {rC+ rF+}
rCorr   .          Rampage  .   (gloves unavailable)
Will    .....                   (boots unavailable)
Stlth   ++........              (no amulet)
HPRegen 0.06/turn               (no ring)
MPRegen 0.09/turn               (no ring)

@: very quick
A: very small, no large weapons, unfitting armour, see invisible, speed 3
a: no special abilities


You were on level 3 of the Dungeon.
You visited 1 branch of the dungeon, and saw 3 of its levels.

You collected 71 gold pieces.

Inventory:

Hand Weapons
 a - a +0 short sword (weapon)
Missiles
 c - 5 poisoned darts (quivered)
Armour
 b - a +0 robe (worn)
 i - a scarf of resistance (worn)
Potions
 f - a potion of lignification
 g - 2 potions of invisibility
 k - a potion of degeneration
 l - a potion of curing {unknown}


   Skills:
 - Level 2.4 Fighting
 + Level 4.4 Short Blades
 + Level 5.0 Dodging
 - Level 3.0 Stealth


You had 2 spell levels left.
You didn't know any spells.
Your spell library contained the following spells:

 Spells                   Type           Power      Damage    Failure   Level
 Frozen Ramparts          Ice            0%         1d2       67%         3
 Ice Form                 Ice/Tmut       0%         N/A       97%         4
 Summon Ice Beast         Ice/Summ       0%         N/A       97%         4


Dungeon Overview and Level Annotations

Branches:
Dungeon (3/15)

Altars:


Innate Abilities, Weirdness & Mutations

You are very small and have problems with some larger weapons.
You are too small for most types of armour.
You have supernaturally acute eyesight. (SInv)
You cover ground extremely quickly. (Speed+++)


Message History

The orc is lightly wounded.
The orc hits you with a +3 whip of flaming.
The orc burns you. The orc hits you with a +0 short sword.
You hit the orc.
The orc is moderately wounded.
The orc closely misses you. The orc hits you with a +0 short sword.
You are too injured to fight recklessly!
You are too injured to fight recklessly!
You completely miss the orc. The orc completely misses you.
The orc hits you with a +0 short sword.
* * * LOW HITPOINT WARNING * * *
You hit the orc.
The orc is moderately wounded.
The orc closely misses you.
You hit the orc.
You kill the orc!
The orc completely misses you.
There is a stone staircase leading up here.
You climb upwards.
There is a stone staircase leading down, spattered with blood here.
You see here a rat skeleton.
You start resting.
HP restored.
You climb downwards.
There is a stone staircase leading up here.
You barely miss the orc.
The orc hits you with a +3 whip of flaming.
The orc burns you.
You hit the orc.
The orc is moderately wounded.
The orc closely misses you.
You barely miss the orc.
The orc is moderately wounded.
The orc hits you with a +3 whip of flaming.
You hit the orc but do no damage.
The orc is moderately wounded.
The orc hits you with a +0 flail.
* * * LOW HITPOINT WARNING * * *
The orc hits you with a +3 whip of flaming.
You die...

######..###<#..##
#..# #.....#
....# #..)..#
###.## ##o...#
#.# #....# #.#
#....#
#.#####..###
#.#...o....#
#.#..@o.#..#
###....####..#
#........##..#
#.#..........#
#<##.#...###.#
#.#........#.#
#.#..#.#...#.#
.....#.......#
#.#..# #######


You could see 2 orcs.

Vanquished Creatures
  An adder (D:2)
  3 dart slugs
  An orc (D:3)
  4 endoplasms (D:1)
  3 giant cockroaches
  3 hobgoblins
  A quokka (D:1)
  5 ball pythons
  2 bats
  2 frilled lizards
  3 goblins
  3 kobolds
  3 rats
34 creatures vanquished.

Notes
Turn   | Place    | Note
-------+----------+-------------------------------------------
     0 | D:1      | zeram the Spriggan Monk began the quest for the Orb.
     0 | D:1      | Reached XP level 1. HP: 11/11 MP: 2/2
   633 | D:1      | Reached XP level 2. HP: 16/16 MP: 3/3
  1869 | D:2      | Found a faded altar of an unknown god.
  1880 | D:2      | Reached XP level 3. HP: 19/19 MP: 4/4
  2058 | D:2      | Reached skill level 5 in Dodging
  2779 | D:3      | Slain by an orc

Illustrated notes

Levels and vault maps discovered:
D:1:      sevenhm_arrival_forest_fort_small_6, layout_loops_corners
D:2:      layout_rooms, hellmonk_ecumenical_altar_pennies_from_heaven
D:3:      cheibrodos_pilgrimage, layout_basic, grunt_temple_overflow_open,
          guppyfry_early_lair_pool, uniq_terence

Skill      XL: |  1  2  3 |
---------------+----------+-----
Short Blades   | 4 |  4.4
Dodging        | 5 |  5.0
Fighting       | |  2.4
Stealth        | |  3.0

Action                   || total
-------------------------++-------
Melee: Short sword       ||   138
       Punch             ||     5
  Use: Scroll            ||     7
 Stab: Sleeping          ||    11
Armor: Robe              ||    15
Dodge: Dodged            ||   115
